 Dungeon Crawl Stone Soup version 0.28.0-1-gb440e238dd (webtiles) character file.

Game seed: 5178197395505102941

487 horus123 the Destroyer (level 6, -6/32 HPs)
             Began as a Deep Elf Conjurer on Feb 20, 2022.
             Killed by nerve-wracking pain
             ... invoked by an orc priest
              (13 damage)
             ... on level 4 of the Dungeon.
             The game lasted 00:07:23 (4442 turns).

horus123 the Destroyer (Deep Elf Conjurer)          Turns: 4442, Time: 00:07:24

Health: -6/32      AC:  7    Str:  4    XL:     6   Next: 89%
Magic:  4/15       EV: 13    Int: 25    God:
Gold:   248        SH:  0    Dex: 19    Spells: 4/15 levels left

rFire   + . .      SeeInvis .   (no weapon)
rCold   . . .      Faith    .   (no shield)
rNeg    . . .      Spirit   .   e - +2 robe {rF+}
rPois   .          Reflect  .   (no helmet)
rElec   .          Harm     .   a - +2 cloak
rCorr   .          Rampage  .   (no gloves)
Will    .....                   (no boots)
Stlth   ++........              (no amulet)
HPRegen 0.10/turn               c - +6 ring of dexterity
MPRegen 0.14/turn               (no ring)

@: no status effects
A: no striking features
a: no special abilities


You were on level 4 of the Dungeon.
You visited 1 branch of the dungeon, and saw 4 of its levels.

You collected 248 gold pieces.

Inventory:

Armour
 a - a +2 cloak (worn)
 e - a +2 robe of fire resistance (worn)
Jewellery
 c - a +6 ring of dexterity (left hand)
 o - an amulet of guardian spirit
 p - a +4 ring of protection
Wands
 k - a wand of charming (10)
Scrolls
 h - a scroll of enchant weapon
 j - 2 scrolls of blinking {unknown}
 m - a scroll of identify
 n - a scroll of holy word
Potions
 b - a potion of mutation {unknown}
 d - a potion of magic {unknown}
 f - a potion of heal wounds {unknown}
 g - 3 potions of attraction {unknown}
 i - 2 potions of brilliance {unknown}
 l - a potion of might {unknown}


   Skills:
 - Level 2.4 Dodging
 - Level 2.4 Stealth
 - Level 5.2 Spellcasting
 - Level 8.0 Conjurations
 + Level 2.3 Hexes


You had 4 spell levels left.
You knew the following spells:

 Your Spells              Type           Power      Damage    Failure   Level
a - Magic Dart            Conj           100%       1d8       1%          1
b - Searing Ray           Conj           92%        2d7       1%          2
c - Iskenderun's Mystic   Conj/Tloc      26%        2d7       16%         4
d - Fulminant Prism       Conj/Hex       16%        3d11      10%         4

Your spell library contained the following spells:

 Spells                   Type           Power      Damage    Failure   Level
 Dazzling Flash           Conj/Hex       64%        N/A       2%          3


Dungeon Overview and Level Annotations

Branches:
Dungeon (4/15)
 Temple: D:4-7

Altars:
Kikubaaqudgha
Nemelex Xobeh

Shops:
D:2 *

Annotations:
D:3 2 transporters, horus123's ghost, amateur DECj


Message History

Aiming: Magic Dart (safe; 1% risk of failure)
Press: ? - help, Q - select action, (/) - cycle Shift-Dir - straight line, f/p - orc priest
Aim: an orc priest, wielding a +0 flail (lightly wounded, 100% to hit)
The magic dart hits the orc priest.
The orc priest is lightly wounded.
Casting: Magic Dart (safe; 1% risk of failure)
Confirm with . or Enter, or press ? or * to list all spells.
Aiming: Searing Ray (safe; 1% risk of failure)
Press: ? - help, Shift-Dir - straight line, f/p - orc priest
Aim: an orc priest, wielding a +0 flail (lightly wounded, 82% to hit)
The searing ray hits the orc priest!
The orc priest is severely wounded. (Press . to maintain the ray.)
The orc priest casts a cantrip, but nothing happens.
The searing ray hits the orc priest.
You kill the orc priest!
Your Hexes skill increases to level 1!
The searing ray hits the orc priest.
The orc priest is moderately wounded.
The orc priest closely misses you.
The searing ray hits the orc priest.
The orc priest is severely wounded.
You finish channelling your searing ray.
The orc priest looks satisfied for a moment.
The orc priest calls upon Beogh to heal the orc priest.
The orc priest is healed somewhat.
Casting: Searing Ray (safe; 1% risk of failure)
Confirm with . or Enter, or press ? or * to list all spells.
Aiming: Searing Ray (safe; 1% risk of failure)
Press: ? - help, Shift-Dir - straight line, f - orc priest
Aim: an orc priest, wielding a +0 falchion (moderately wounded, 82% to hit)
The searing ray hits the orc priest!
You kill the orc priest! (Press . to maintain the ray.)
Your Hexes skill increases to level 2!
The searing ray hits the orc priest.
The orc priest is moderately wounded.
The orc priest calls down the wrath of Beogh upon you.
Pain shoots through your body!
You die...

# # # # ############### #####
#.............########## #....
#.......).....'..'.....# #....
#....>.....o..#o.#.....# #....
#.............#@.#.....# #....
#.............#..###########....
#########.....#..##........#....
#......#.....#...#.....#..#....
#......#.....#...'.....#..#....
#..##..#.....#####.....'..#....
#..##..#....## #######'##....
#......#....# ##..#..........
#......'....# #...'..........


You could see an orc priest.

Vanquished Creatures
  A necrophage (D:4)
  An ogre (D:4)
  2 hounds (D:4)
  2 orc priests (D:4)
  A centaur skeleton (D:4)
  Terence (D:2)
  3 gnolls (D:2)
  4 adders
  A worm (D:2)
  2 dart slugs
  An orc (D:3)
  9 ball pythons
  11 endoplasms
  4 giant cockroaches
  6 goblins
  5 hobgoblins
  7 kobolds
  2 quokkas
  6 bats
  8 frilled lizards
  2 quokka skeletons (D:4)
  3 rats
82 creatures vanquished.

Vanquished Creatures (others)
  A fulminant prism (D:4)
1 creature vanquished.

Grand Total: 83 creatures vanquished

Notes
Turn   | Place    | Note
-------+----------+-------------------------------------------
     0 | D:1      | horus123 the Deep Elf Conjurer began the quest for the Orb.
     0 | D:1      | Reached XP level 1. HP: 10/10 MP: 6/6
     6 | D:1      | Noticed an iguana
     6 | D:1      | Noticed a redback
     7 | D:1      | Noticed a hound
     7 | D:1      | Noticed a swamp drake
   289 | D:1      | Reached XP level 2. HP: 15/15 MP: 3/9
   292 | D:1      | Learned a level 2 spell: Searing Ray
   994 | D:2      | Reached skill level 5 in Spellcasting
   994 | D:2      | Reached XP level 3. HP: 19/19 MP: 5/11
  1185 | D:2      | Noticed Terence
  1191 | D:2      | Killed Terence
  1192 | D:2      | Reached skill level 5 in Conjurations
  1192 | D:2      | Reached XP level 4. HP: 24/24 MP: 5/13
  1253 | D:2      | Learned a level 4 spell: Iskenderun's Mystic Blast
  1258 | D:2      | Learned a level 4 spell: Fulminant Prism
  1555 | D:2      | Found Dutiuggu's General Store.
  2472 | D:3      | Reached XP level 5. HP: 28/28 MP: 11/14
  2577 | D:3      | Found a sparkling altar of Nemelex Xobeh.
  2580 | D:3      | Reached skill level 6 in Conjurations
  2584 | D:3      | Found an ancient bone altar of Kikubaaqudgha.
  2893 | D:3      | Found a faded altar of an unknown god.
  2934 | D:3      | Found a transporter.
  2946 | D:3      | Noticed horus123's ghost (amateur DECj)
  2959 | D:3      | Found a transporter.
  3657 | D:4      | Noticed an ogre
  3664 | D:4      | Killed an ogre
  3665 | D:4      | Reached skill level 7 in Conjurations
  3665 | D:4      | Reached XP level 6. HP: 32/32 MP: 8/15
  3928 | D:4      | Identified the +6 ring mail of Watchfulness {Rampage}
  4165 | D:4      | Reached skill level 8 in Conjurations
  4439 | D:4      | Reached skill level 1 in Hexes
  4442 | D:4      | Killed from afar by an orc priest

Illustrated notes

Levels and vault maps discovered:
D:1:      onia_arrival_zoo_common, layout_loops_ring, serial_bayou_pond_e,
          minmay_misc_feat_rows
D:2:      minmay_spotlight, layout_loops_cross, serial_shops,
          nicolae_shop_waterfront, chequers_arboretum, minmay_split_cup_small,
          uniq_terence
D:3:      minmay_recursive_quarters, layout_basic, jmf_multi_god_temple,
          gammafunk_ghost_stat_death, chequers_ecumenical_altar_simple_redux,
          grunt_ministairs_15
D:4:      layout_gridville

Skill      XL: |  1  2  3  4  5  6 |
---------------+-------------------+-----
Spellcasting   | 4 5 |  5.2
Conjurations   | 5 7 8 |  8.0
Hexes          | 2 |  2.3
Dodging        | |  2.4
Stealth        | |  2.4

Action                   |  1- 3 |  4- 6 || total
-------------------------+-------+-------++-------
 Cast: Magic Dart        |    35 |   117 ||   152
       Searing Ray       |     3 |     7 ||    10
       Fulminant Prism   |       |     1 ||     1
  Use: Scroll            |     1 |     2 ||     3
Armor: Robe              |     4 |     8 ||    12
Dodge: Dodged            |     5 |    15 ||    20
